 Dungeon Sprint DCSS version 0.27.1-35-g4d5d836560 (webtiles) character file.

Game seed: 1043778825791905156

25 ImHallYall the Insei (level 2, -8/21 HPs)
             Began as a Demonspawn Transmuter on Mar 11, 2022.
             Mangled by an ogre (16 damage)
             ... in the Dungeon (Sprint I: "Red Sonja").
             The game lasted 00:01:08 (138 turns).

ImHallYall the Insei (Demonspawn Transmuter)         Turns: 138, Time: 00:01:09

Health: -8/21      AC:  2    Str: 10    XL:     2   Next: 82%
Magic:  4/5        EV: 12    Int: 14    God:
Gold:   0          SH:  0    Dex: 13    Spells: 5/6 levels left

rFire    . . .     SeeInvis .     - Unarmed
rCold    . . .     Faith    .   (no shield)
rNeg     . . .     Spirit   .   a - +0 robe
rPois    .         Reflect  .   (no helmet)
rElec    .         Harm     .   (no cloak)
rCorr    .         Rampage  .   (no gloves)
Will     .....     NoTele   +   (no boots)
Stlth    +.........             (no amulet)
HPRegen  0.07/turn              (no ring)
MPRegen  0.09/turn              (no ring)

@: no status effects
A: spiny 1
a: no special abilities


You were in the Dungeon.
You visited 1 branch

Inventory:

Armour
 a - a +0 robe (worn)
Wands
 h - a wand of digging (7)
Scrolls
 g - a scroll of blinking
Potions
 b - a potion of curing
 c - a potion of heal wounds
 d - a potion of haste
 e - 2 potions of magic
 f - a potion of berserk rage


   Skills:
 + Level 1.1 Fighting
 + Level 2.5 Dodging
 + Level 0.1 Stealth
 + Level 4.5 Unarmed Combat
 + Level 2.9 Spellcasting
 + Level 2.6 Transmutations


You had 5 spell levels left.
You knew the following spells:

 Your Spells              Type           Power      Damage    Failure   Level
a - Beastly Appendage     Tmut           18%        N/A       8%          1

Your spell library contained the following spells:

 Spells                   Type           Power      Damage    Failure   Level
 Wereblood                Tmut           9%         N/A       11%         2
 Spider Form              Tmut/Pois      2%         N/A       36%         3
 Ice Form                 Ice/Tmut       5%         N/A       77%         4


Dungeon Overview and Level Annotations

Branches:
Dungeon (1/1)

Altars:


Innate Abilities, Weirdness & Mutations

You are partially covered in sharp spines.


Message History

Ijyb is severely wounded.
Ijyb barely misses you.
You completely miss Ijyb. You claw Ijyb. You headbutt Ijyb.
You kill Ijyb!
Your Dodging skill increases to level 2!
Your Unarmed Combat skill gained 2 levels and is now at level 4!
Your Transmutations skill increases to level 2!
You have reached level 2!
Your demonic ancestry asserts itself...
Sharp spines emerge from parts of your body.
h - a wand of digging (7)
Things that are here:
a +0 dagger; a +0 leather armour Your horns disappear.
Your talons disappear.
Things that are here:
a +0 dagger; a +0 leather armour
Okay, then.
Things that are here:
a +0 dagger; a +0 leather armour
Okay, then.
(D) Dungeon
Where to? (? - help)
Okay, then.
Things that are here:
a +0 dagger; a +0 leather armour
(D) Dungeon
Where to? (? - help)
Okay, then.
Unknown command.
Okay, then.
As you open the door, it creaks loudly!
An ogre comes into view. It is wielding a +0 giant club.
The ogre shouts!
The ogre is struck by your spines. The ogre hits you with a +0 giant club!
There is an open door, spattered with blood here.
You hit the ogre.
The ogre is moderately wounded.
The ogre is struck by your spines. The ogre hits you with a +0 giant club!
Ouch! That really hurt!
You die...

##########
#<.#..@O.#
#..').#..+
#..#####+#
#..# #..#
#..# #⌠⌠#
####


You could see an ogre.

Vanquished Creatures
  Ijyb (D)
1 creature vanquished.

Notes
Turn   | Place    | Note
-------+----------+-------------------------------------------
     0 | D        | ImHallYall the Demonspawn Transmuter began the quest for
                  | the Orb.
     0 | D        | Reached XP level 1. HP: 15/15 MP: 3/3
   115 | D        | Noticed Ijyb
   123 | D        | Killed Ijyb
   124 | D        | Reached skill level 4 in Unarmed Combat
   124 | D        | Gained mutation: You are partially covered in sharp spines.
                  | [demonic ancestry]
   124 | D        | Reached XP level 2. HP: 14/21 MP: 2/5
   136 | D        | Noticed an ogre
   138 | D        | Mangled by an ogre

Illustrated notes

Levels and vault maps discovered:
D:        dungeon_sprint_1 [red_sonja_temple_1, red_sonja_temple_small_1]

Skill      XL: |  1 |
---------------+----+-----
Dodging        | 2 |  2.5
Unarmed Combat | 4 |  4.5
Transmutations | 2 |  2.6
Fighting       | |  1.1
Stealth        | |  0.1
Spellcasting   | |  2.9

Action                   || total
-------------------------++-------
Melee: Unarmed           ||     8
       Kick              ||     4
       Headbutt          ||     2
 Cast: Beastly Appendage ||     1
Armor: Robe              ||     1
Dodge: Dodged            ||     2
